 Dungeon Crawl Stone Soup version 0.21.0-25-ge575cb9 (webtiles) character file.

537 tidbits the Firebug (level 7, -2/51 HPs)
             Began as a Gnoll Fire Elementalist on Jan 24, 2018.
             Was an Initiate of Cheibriados.
             Slain by a yak (11 damage)
             ... on level 6 of the Dungeon.
             The game lasted 00:14:42 (1120 turns).

tidbits the Firebug (Gnoll Fire Elementalist)       Turns: 1120, Time: 00:14:43

Health: -2/51      AC:  7    Str: 11    XL:     7   Next: 25%
Magic:  15/15      EV: 14    Int: 20    God:    Cheibriados [......]
Gold:   160        SH:  2    Dex: 17    Spells: 7/17 levels left

rFire    + + .     SeeInvis .   m - +3 dagger (drain)
rCold    + + +     Gourm    .   (no shield)
rNeg     . . .     Faith    .   B - +2 ring mail {rF+}
rPois    +         Spirit   .   (no helmet)
rElec    +         Reflect  +   (no cloak)
rCorr    +         Harm     .   (no gloves)
MR       .....                  (no boots)
Stlth    +++.......             i - +2 amulet of reflection
HPRegen  0.17/turn              k - ring of stealth
MPRegen  0.14/turn              h - ring of protection from cold

@: resistant, very slow
A: distributed training, fangs 1, cold resistance 1, sturdy frame 1, strong nose
a: Bend Time, Renounce Religion


You were on level 6 of the Dungeon.
You worshipped Cheibriados.
Cheibriados was noncommittal.
You were not hungry.

You visited 2 branches of the dungeon, and saw 8 of its levels.
You also visited: Sewer.

You collected 160 gold pieces.

Inventory:

Hand Weapons
 d - a +0 dagger
 m - a +3 dagger of draining (weapon)
   (You took it off a kobold on level 2 of the Dungeon)
 y - a +0 flail
Missiles
 g - 21 arrows
 n - 4 stones
 u - 3 tomahawks (quivered)
Armour
 a - a +1 robe
 B - a +2 ring mail of fire resistance (worn)
   (You took it off Duvessa on level 6 of the Dungeon)
Jewellery
 h - a ring of protection from cold (right hand)
   (You found it on level 6 of the Dungeon)
 i - a +2 amulet of reflection (around neck)
   (You found it on level 2 of the Dungeon)
 k - a ring of stealth (left hand)
   (You found it on level 5 of the Dungeon)
Scrolls
 e - a scroll of teleportation
 f - a scroll of enchant armour
 p - a scroll of random uselessness {unknown}
 r - a scroll of remove curse
Potions
 l - a potion of might {unknown}
 o - a potion of agility {unknown}
 q - a potion of ambrosia
 s - a potion of curing
 t - 2 potions of cancellation
 v - a potion of berserk rage {unknown}
 x - a potion of haste {unknown}
 z - a potion of mutation {!q}
 A - a potion of lignification {unknown}
Books
 b - a book of Flames

   Spells                             Type                      Level
   a - Flame Tongue                   Conjuration/Fire             1
   b - Throw Flame                    Conjuration/Fire             2
   c - Conjure Flame                  Conjuration/Fire             3
   d - Inner Flame                    Hexes/Fire                   3
   e - Sticky Flame                   Conjuration/Fire             4
   f - Fireball                       Conjuration/Fire             5
Comestibles
 c - 4 rations


   Skills:
 + Level 2.3 Fighting
 + Level 2.3 Short Blades
 + Level 2.3 Long Blades
 + Level 2.3 Axes
 + Level 2.3 Maces & Flails
 + Level 2.3 Polearms
 + Level 2.3 Staves
 + Level 2.3 Slings
 + Level 2.3 Bows
 + Level 2.3 Crossbows
 + Level 2.3 Throwing
 + Level 2.3 Armour
 + Level 5.1 Dodging
 + Level 4.8 Stealth
 + Level 2.3 Shields
 + Level 2.3 Unarmed Combat
 + Level 5.5 Spellcasting
 + Level 2.9 Conjurations
 + Level 1.9 Hexes
 + Level 1.9 Charms
 + Level 1.9 Summonings
 + Level 1.9 Necromancy
 + Level 1.9 Translocations
 + Level 1.9 Transmutations
 + Level 5.8 Fire Magic
 + Level 1.9 Ice Magic
 + Level 1.9 Air Magic
 + Level 1.9 Earth Magic
 + Level 1.9 Poison Magic
 + Level 2.5 Invocations
 + Level 2.3 Evocations


You had 7 spell levels left.
You knew the following spells:

 Your Spells              Type           Power        Failure   Level  Hunger
a - Flame Tongue          Conj/Fire      ###..        2%          1    None
c - Conjure Flame         Conj/Fire      ###.....     9%          3    ##.....
f - Throw Flame           Conj/Fire      ###...       4%          2    None
t - Sticky Flame          Conj/Fire      ###.....     26%         4    ####...


Dungeon Overview and Level Annotations

Branches:
Dungeon (7/15)             Temple (1/1) D:5

Altars:
Cheibriados
Dithmenos
Elyvilon
Fedhas
Hepliaklqana
Makhleb
Nemelex Xobeh
Sif Muna
Uskayaw
Xom
The Shining One

Annotations:
D:3 Nanban's ghost, amateur OpWr
D:6 exclusion: black bear, Eustachio


Innate Abilities, Weirdness & Mutations

Your experience applies equally to all skills.
You have very sharp teeth.
Your uncanny sense of smell can sniff out nearby items.
Your flesh is cold resistant. (rC+)
Your movements are slightly less encumbered by armour. (ER -2)


Message History

You barely miss the gnoll.
The gnoll is almost dead.
The gnoll hits you but does no damage.
You hit the gnoll. You drain the gnoll!
You kill the gnoll!
Cheibriados thoroughly appreciates the change of pace.
Things that are here:
a flail; a gnoll corpse
y - a flail Search for what [? for help]? weapon A leopard gecko comes into view.
Found a stone staircase leading down.
The leopard gecko bites you but does no damage.
You hit the leopard gecko but do no damage.
You drain the leopard gecko!
The leopard gecko is almost dead.
The leopard gecko bites you.
You closely miss the leopard gecko.
The leopard gecko is almost dead.
The leopard gecko bites you.
You closely miss the leopard gecko.
The leopard gecko is almost dead.
The leopard gecko misses you.
You hit the leopard gecko.
You kill the leopard gecko!
Cheibriados appreciates the change of pace.
You see here a leopard gecko corpse.
Found 15 gold pieces.
You see here 15 gold pieces.
You now have 160 gold pieces (gained 15).
There is a stone staircase leading down here.
Wear which item? (? for menu, Esc to quit)
You start removing your armour.
You continue taking off your +1 robe. x4
You finish taking off your +1 robe.
You start putting on your armour.
You continue putting on your glowing ring mail. x3
Your magical contamination has completely faded away.
You continue putting on your glowing ring mail. x2
You finish putting on your +2 ring mail of fire resistance.
You feel resistant to fire.
Adjust (i)tems, (s)pells, or (a)bilities?
Adjust which item? (? for menu, Esc to quit)
w - a +2 ring mail of fire resistance (worn)
Adjust to which letter? (? for menu, Esc to quit)
B - a +2 ring mail of fire resistance (worn)
This spell is quite dangerous to cast!
Memorise Sticky Flame, consuming 4 spell levels and leaving 7?
You start memorising the spell.
You continue memorising. x4
You finish memorising.
Spell assigned to 'b'.
Adjust (i)tems, (s)pells, or (a)bilities?
Adjust which spell? b - Sticky Flame Adjust to which letter? t - Sticky Flame; b - Throw Flame Adjust (i)tems, (s)pells, or (a)bilities?
Adjust which spell? b - Throw Flame Adjust to which letter? f - Throw Flame You climb downwards.
You hear the hiss of flowing sand.
There is an entrance to an ossuary on this level.
Hurry and find it before the portal is buried! 5 yaks come into view.
Found 9 gold pieces.
There is a stone staircase leading up here.
The helpless yak fails to defend itself.
You impale the yak!!
The yak is severely wounded.
The yak bellows!
You hear a bellow!
The yak bellows! x3; You hear a shout!
The yak closely misses you.
The yak moves out of view.
The yak barely misses you.
You climb upwards.
Level annotation: exclusion: black bear, Eustachio
There is a stone staircase leading down here.
You hit the yak.
The yak is almost dead.
The yak closely misses you. The yak gores you!
You barely miss the yak.
The yak is almost dead.
The yak completely misses you. The yak gores you!
* * * LOW HITPOINT WARNING * * *
You hit the yak. You bite the yak.
The yak is almost dead.
The yak misses you. The yak gores you!
* * * LOW HITPOINT WARNING * * *
Okay, then.
Okay, then.
It was a potion of resistance.
You feel protected. The yak gores you but does no damage.
The yak completely misses you.
Okay, then.
You hit the yak.
The yak is almost dead.
The yak gores you.
* * * LOW HITPOINT WARNING * * *
The yak closely misses you.
You barely miss the yak.
The yak is almost dead.
The yak gores you but does no damage. The yak gores you!
You die...

#. #.(#.########## ##.
#.##..#.##### ....#.#.........#
####...#.#.........#
......#.#.........# ..
####....#.#†........########...
.........#...........##..........
...#....####...Y.Y...##.........F
...#............@....#......§F...
...##...##############....r......
...##...#...........##...........
...##...#...........'............
...######...........#...b........
...'................#....†.......
...######...........#............
...# #...........########.#+##
...# ##..........# .#


You could see 2 yaks.

Vanquished Creatures
  Duvessa (D:6)
  An orc warrior (D:6)
  A big kobold (D:5)
  A bullfrog (D:6)
  Dowan (D:6)
  A crimson imp (D:6)
  3 gnolls (D:6)
  2 adders
  2 river rats (D:3)
  An ooze (D:5)
  6 worms
  3 leopard geckos
  6 orcs
  A ball python (D:4)
  2 bats (D:2)
  A giant cockroach (D:6)
  3 goblins
  2 hobgoblins
  A quokka (D:3)
  A frilled lizard (D:2)
  8 kobolds
  A quokka skeleton (D:5)
  2 rats (D:2)
51 creatures vanquished.

Notes
Turn   | Place    | Note
-------+----------+-------------------------------------------
     0 | D:1      | tidbits the Gnoll Fire Elementalist began the quest for the Orb.
     0 | D:1      | Reached XP level 1. HP: 13/13 MP: 6/6
   141 | D:2      | Reached skill level 2 in Conjurations
   160 | D:2      | Reached XP level 2. HP: 19/19 MP: 3/7
   164 | D:2      | Learned a level 2 spell: Throw Flame
   216 | D:3      | Found a glowing drain.
   222 | D:3      | Reached skill level 5 in Spellcasting
   222 | D:3      | Reached XP level 3. HP: 25/25 MP: 5/9
   248 | Sewer    | Entered a sewer
   320 | D:3      | Reached skill level 1 in Invocations
   324 | D:3      | Noticed Nanban's ghost (amateur OpWr)
   478 | D:3      | Reached skill level 1 in Fighting
   478 | D:3      | Reached skill level 1 in Short Blades
   478 | D:3      | Reached skill level 1 in Long Blades
   478 | D:3      | Reached skill level 1 in Axes
   478 | D:3      | Reached skill level 1 in Maces & Flails
   478 | D:3      | Reached skill level 1 in Polearms
   478 | D:3      | Reached skill level 1 in Staves
   478 | D:3      | Reached skill level 1 in Slings
   478 | D:3      | Reached skill level 1 in Bows
   478 | D:3      | Reached skill level 1 in Crossbows
   478 | D:3      | Reached skill level 1 in Throwing
   478 | D:3      | Reached skill level 1 in Armour
   478 | D:3      | Reached skill level 1 in Shields
   478 | D:3      | Reached skill level 1 in Unarmed Combat
   478 | D:3      | Reached skill level 1 in Evocations
   481 | D:3      | Reached XP level 4. HP: 32/32 MP: 8/11
   575 | D:5      | Entered Level 5 of the Dungeon
   652 | D:5      | Noticed a big kobold
   679 | D:5      | Killed a big kobold
   679 | D:5      | Reached skill level 1 in Hexes
   679 | D:5      | Reached skill level 1 in Charms
   679 | D:5      | Reached skill level 1 in Summonings
   679 | D:5      | Reached skill level 1 in Necromancy
   679 | D:5      | Reached skill level 1 in Translocations
   679 | D:5      | Reached skill level 1 in Transmutations
   679 | D:5      | Reached skill level 1 in Ice Magic
   679 | D:5      | Reached skill level 1 in Air Magic
   679 | D:5      | Reached skill level 1 in Earth Magic
   679 | D:5      | Reached skill level 1 in Poison Magic
   679 | D:5      | Reached XP level 5. HP: 28/37 MP: 10/12
   701 | D:5      | Found a staircase to the Ecumenical Temple.
   723 | Temple   | Entered the Ecumenical Temple
   746 | Temple   | Became a worshipper of Cheibriados the Contemplative
   822 | D:6      | Learned a level 3 spell: Conjure Flame
   847 | D:6      | Noticed a black bear
   906 | D:6      | Noticed Eustachio
   919 | D:6      | Reached skill level 2 in Invocations
   919 | D:6      | Reached XP level 6. HP: 10/44 MP: 9/13
   924 | D:6      | Noticed an orc warrior
   935 | D:6      | Gained mutation: Your movements are slightly less encumbered by armour. (ER -2) [potion of mutation]
   935 | D:6      | Gained mutation: Your flesh is cold resistant. (rC+) [potion of mutation]
   998 | D:6      | Noticed Dowan
  1000 | D:6      | Noticed Duvessa
  1012 | D:6      | Killed an orc warrior
  1012 | D:6      | Reached skill level 2 in Fighting
  1012 | D:6      | Reached skill level 2 in Short Blades
  1012 | D:6      | Reached skill level 2 in Long Blades
  1012 | D:6      | Reached skill level 2 in Axes
  1012 | D:6      | Reached skill level 2 in Maces & Flails
  1012 | D:6      | Reached skill level 2 in Polearms
  1012 | D:6      | Reached skill level 2 in Staves
  1012 | D:6      | Reached skill level 2 in Slings
  1012 | D:6      | Reached skill level 2 in Bows
  1012 | D:6      | Reached skill level 2 in Crossbows
  1012 | D:6      | Reached skill level 2 in Throwing
  1012 | D:6      | Reached skill level 2 in Armour
  1012 | D:6      | Reached skill level 5 in Dodging
  1012 | D:6      | Reached skill level 2 in Shields
  1012 | D:6      | Reached skill level 2 in Unarmed Combat
  1012 | D:6      | Reached skill level 2 in Evocations
  1025 | D:6      | Killed Dowan
  1030 | D:6      | Killed Duvessa
  1030 | D:6      | Reached XP level 7. HP: 50/50 MP: 15/15
  1110 | D:6      | Learned a level 4 spell: Sticky Flame
  1111 | D:7      | Noticed a yak
  1111 | D:7      | Noticed a yak
  1111 | D:7      | Noticed a yak
  1111 | D:7      | Noticed a yak
  1111 | D:7      | Noticed a yak
  1114 | D:7      | Noticed a yak
  1120 | D:6      | Slain by a yak

Skill      XL: |  1  2  3  4  5  6 |
---------------+-------------------+-----
Conjurations   | 2 |  2.9
Spellcasting   | 5 |  5.5
Invocations    | 1 2 |  2.5
Fighting       | 1 2 |  2.3
Short Blades   | 1 2 |  2.3
Long Blades    | 1 2 |  2.3
Axes           | 1 2 |  2.3
Maces & Flails | 1 2 |  2.3
Polearms       | 1 2 |  2.3
Staves         | 1 2 |  2.3
Slings         | 1 2 |  2.3
Bows           | 1 2 |  2.3
Crossbows      | 1 2 |  2.3
Throwing       | 1 2 |  2.3
Armour         | 1 2 |  2.3
Shields        | 1 2 |  2.3
Unarmed Combat | 1 2 |  2.3
Evocations     | 1 2 |  2.3
Hexes          | 1 |  1.9
Charms         | 1 |  1.9
Summonings     | 1 |  1.9
Necromancy     | 1 |  1.9
Translocations | 1 |  1.9
Transmutations | 1 |  1.9
Ice Magic      | 1 |  1.9
Air Magic      | 1 |  1.9
Earth Magic    | 1 |  1.9
Poison Magic   | 1 |  1.9
Dodging        | 5 |  5.1
Stealth        | |  4.8
Fire Magic     | |  5.8

Action                   |  1- 3 |  4- 6 |  7- 9 || total
-------------------------+-------+-------+-------++-------
Melee: Dagger            |    15 |   110 |    23 ||   148
       Bite              |     4 |    14 |     4 ||    22
       Punch             |       |     1 |       ||     1
Throw: Stone             |       |     1 |       ||     1
       Tomahawk          |       |     3 |       ||     3
 Cast: Flame Tongue      |    22 |     5 |       ||    27
Invok: Bend Time         |       |     1 |       ||     1
  Use: Scroll            |       |     8 |       ||     8
       Potion            |       |     3 |     1 ||     4
 Stab: Sleeping          |     5 |     5 |     1 ||    11
       Invisible         |       |     4 |     2 ||     6
  Eat: Chunk             |       |       |     1 ||     1
Armor: Robe              |     1 |     9 |     2 ||    12
       Ring mail         |       |       |     2 ||     2
Dodge: Dodged            |     4 |    63 |    12 ||    79
Block: Other             |       |     3 |       ||     3

Table legend:
 A = Turns spent in this place as a percentage of turns spent in the entire game.
 B = Non-inter-level travel turns spent in this place as a percentage of non-inter-level travel turns spent in the entire game.
 C = Inter-level travel turns spent in this place as a percentage of turns spent in this place.
 D = Turns resting spent in this place as a percentage of non-inter-level travel turns spent in this place.
 E = Turns spent auto-exploring this place as a percentage of non-inter-level travel turns spent in this place.
 F = Non-inter-level travel turns spent in this place divided by the number of levels of this place that you've seen.
                   A       B       C       D       E      F
               +-------+-------+-------+-------+-------+----------------------
         Total | 100.0 | 100.0 |   0.0 |   0.0 |   0.0 | 124.4
       Dungeon |  95.4 |  95.4 |   0.0 |   0.0 |   0.0 | 152.7
        Temple |   4.0 |   4.0 |   0.0 |   0.0 |   0.0 |  45.0
         Sewer |   0.5 |   0.5 |   0.0 |   0.0 |   0.0 |   6.0
               +-------+-------+-------+-------+-------+----------------------

Table legend:
 A = Kills in this place as a percentage of kills in entire the game.
 B = Kills by you in this place as a percentage of kills by you in the entire game.
 C = Kills by friends in this place as a percentage of kills by friends in the entire game.
 D = Other kills in this place as a percentage of other kills in the entire game.
 E = Experience gained in this place as a percentage of experience gained in the entire game.
 F = Experience gained in this place divided by the number of levels of this place that you have seen.
                   A       B       C       D       E      F
               +-------+-------+-------+-------+-------+----------------------
         Total | 100.0 | 100.0 |   N/A |   N/A | 100.0 |  85.3
       Dungeon | 100.0 | 100.0 |   N/A |   N/A | 100.0 | 109.7
               +-------+-------+-------+-------+-------+----------------------

Vault maps used:
D:1:      dpeg_arrival_shelter, minmay_tree_intersection
D:2:      bloody_trog, st_stairs_9, eino_tiny_chamber, roderic_roman_lattice,
          serial_bayou_pond_b
D:3:      cheibrodos_sewer_entry_sluice
D:4:      marbit_many_paths, serial_shops, nicolae_shop_statue_plus,
          first_ration, serial_bayou_pond_c, nemelex_diamond_rough_becter
D:5:      nicolae_gozag_cash_rules_everything_around_me,
          minmay_temple_entry_nine_rooms, uniq_prince_ribbit1, uniq_menkaure
D:6:      black_bear_nest_1, uniq_eustachio, uniq_duvessa
D:7:      lemuel_round_altar, nicolae_ossuary_entry_giza, uniq_pikel
Temple:   nicolae_temple_elliptical
Sewer:    sewer_co_tree
